 Dungeon Crawl Stone Soup version 0.29.0-4-gdea44cf6ec (webtiles) character file.

Game seed: 6174202602403859634

85 qw the Chopper (level 4, -7/28 HPs)
             Began as a Gargoyle Fighter on Sept 9, 2022.
             Killed by divine providence
             ... invoked by an orc priest
              (12 damage)
             ... on level 3 of the Dungeon.
             The game lasted 00:00:45 (1921 turns).

qw the Chopper (Gargoyle Fighter)                   Turns: 1921, Time: 00:00:46

Health: -7/28      AC: 10    Str: 21    XL:     4   Next: 48%
Magic:  4/4        EV:  9    Int:  9    God:
Gold:   139        SH:  5    Dex: 15    Spells: 3/3 levels left

rFire   . . .      SeeInvis .   Y - +0 war axe
rCold   . . .      Faith    .   c - +0 buckler
rNeg    + . .      Spirit   .   b - +0 scale mail
rPois   inf        Reflect  .   (no helmet)
rElec   +          Harm     .   (no cloak)
rCorr   .          Rampage  .   (no gloves)
Will    .....                   (no boots)
Stlth   ..........              (no amulet)
HPRegen 0.09/turn               i - +6 ring of dexterity
MPRegen 0.09/turn               (no ring)

@: no status effects
A: sickness immunity, AC +3, negative energy resistance 1, electricity
resistance, torment resistance 1, petrification resistance
a: no special abilities


You were on level 3 of the Dungeon.
You visited 1 branch of the dungeon, and saw 3 of its levels.

You collected 139 gold pieces.


Innate Abilities, Weirdness & Mutations

You are immune to sickness and miasma.
Your stone body is resilient. (AC +3)
You are immune to poison.
You resist negative energy. (rN+)
You are resistant to electric shocks. (rElec)
You are resistant to unholy torment.
You are immune to petrification.


   Skills:
 - Level 3.2 Fighting
 + Level 3.9 Axes
 - Level 3.2 Armour
 - Level 1.0 Dodging
 - Level 3.2 Shields


You had 3 spell levels left.
You didn't know any spells.
Your spell library was empty.

Inventory:

Hand Weapons
 e - a +0 mace
 Y - a +0 war axe (weapon)
Armour
 b - a +0 scale mail (worn)
 c - a +0 buckler (worn)
Jewellery
 i - a +6 ring of dexterity (left hand)
Potions
 d - 2 potions of might
 f - a potion of curing
 g - 2 potions of lignification {unknown}
 h - a potion of haste
 k - a potion of invisibility {unknown}
 l - a potion of brilliance {unknown}

Dungeon Overview and Level Annotations

Branches:
Dungeon (3/15)

Altars:
Dithmenos


Message History

The orc wizard hits you but does no damage.
You block the orc's attack.
A rat comes into view.
An orc comes into view. It is wielding a +0 flail.
You block the orc's attack.
The goblin unwields a +0 dagger.
The goblin wields a +0 sling.
The goblin shoots a sling bullet.
The sling bullet barely misses you. The orc barely misses you.
You barely miss the orc wizard.
The orc wizard is moderately wounded.
You completely miss the orc. You hit the orc.
You hit the hobgoblin but do no damage. You barely miss the orc.
You block the orc's attack. The orc hits you but does no damage. x2
You block the orc wizard's attack. You block the hobgoblin's attack.
You slash the orc wizard!
The orc wizard is almost dead.
You slash the orc!
You kill the orc!
You hit the orc but do no damage. You closely miss the hobgoblin.
You hit the orc. You block the orc's attack.
The orc priest calls upon Beogh to heal the orc.
The orc's wounds heal themselves!
The orc wizard closely misses you.
The hobgoblin hits you but does no damage.
You closely miss the orc wizard.
The orc wizard is almost dead.
You hit the hobgoblin but do no damage. You slash the orc!
You kill the orc!
You hit the orc but do no damage. You barely miss the orc.
An orc priest comes into view. It is wielding a +0 dagger.
The orc misses you. The orc hits you but does no damage.
You blink.
The orc unwields a +0 flail.
The orc wields a +0 sling.
The orc shoots a sling bullet.
The sling bullet misses you.
The orc shoots a sling bullet.
You block the sling bullet.
You hit the orc priest.
The orc priest is lightly wounded.
The orc priest hits you but does no damage.
The orc throws a stone.
The stone hits you.
The orc priest mumbles some strange prayers to Beogh against you.
Beogh smites you!
You die...

...##....#..PPP#
...##....#.....#.#
.........###'###.##
...#........o)....##
##...#......go.....#
###.#......o.o....#
.......r.S.g....#
.......o......#
.......o...@..#
#.........o..##
..............#
..........#
..........#
..........#
...........
............


You could see 2 orc priests, an orc wizard, 4 orcs, a hobgoblin, a goblin, a
ball python and a rat.

Vanquished Creatures
  An iguana (D:3)
  2 adders (D:2)
  2 orcs (D:3)
  5 ball pythons
  4 bats
  2 endoplasms
  2 giant cockroaches
  2 hobgoblins (D:2)
  A quokka (D:3)
  4 frilled lizards (D:1)
  5 goblins
  2 kobolds (D:2)
  11 rats
43 creatures vanquished.

Vanquished Creatures (others)
  11 demonic plants (D:3)
11 creatures vanquished.

Grand Total: 54 creatures vanquished

Notes
Turn   | Place    | Note
-------+----------+-------------------------------------------
     0 | D:1      | qw the Gargoyle Fighter began the quest for the Orb.
     0 | D:1      | Reached XP level 1. HP: 14/14 MP: 1/1
     0 | D:1      | 0 ||| qw: Version: 0.1-a-113-g051387a
     0 | D:1      | 0 ||| qw: Game counter: 6944
     0 | D:1      | 0 ||| qw: Always use a shield: true
     0 | D:1      | 0 ||| qw: God list: Okawaru
     0 | D:1      | 0 ||| qw: Allow faded altars: false
     0 | D:1      | 0 ||| qw: Do Orc after D:15 true
     0 | D:1      | 0 ||| qw: Do second Lair branch before Depths: true
     0 | D:1      | 0 ||| qw: Lair rune preference: random
     0 | D:1      | 0 ||| qw: Plans: Normal, Zot, God:TSO, Crypt, Tomb, Zig,
                  | Orb
     0 | D:1      | 0 ||| PLANNING D:1-11
   282 | D:1      | 282 ||| Stepping ~*~*~tactically~*~*~ (stealth).
   285 | D:1      | 285 ||| Stepping ~*~*~tactically~*~*~ (stealth).
   299 | D:1      | Reached XP level 2. HP: 18/19 MP: 2/2
   616 | D:1      | 616 ||| UPGRADING to +6 ring of dexterity.
   778 | D:2      | Reached skill level 3 in Axes
   778 | D:2      | Reached XP level 3. HP: 18/23 MP: 3/3
   882 | D:2      | Found a shadowy altar of Dithmenos.
  1311 | D:2      | 1311 ||| Stepping ~*~*~tactically~*~*~ (stealth).
  1350 | D:2      | 1350 ||| Stepping ~*~*~tactically~*~*~ (stealth).
  1379 | D:2      | Reached skill level 1 in Dodging
  1583 | D:2      | 1583 ||| READING scroll labelled KUGHAA OJ WEXZOO.
  1584 | D:2      | 1584 ||| DRINKING 2 fuming emerald potions.
  1630 | D:3      | 1630 ||| PLANNING SEWER
  1750 | D:3      | Reached XP level 4. HP: 14/28 MP: 4/4
  1898 | D:3      | Found a faded altar of an unknown god.
  1917 | D:3      | HP: 5/28 [orc/+2 vampiric short sword (3)]
  1921 | D:3      | Killed from afar by an orc priest

Levels and vault maps discovered:
D:1:      ncdulo_lavacross, layout_rooms
D:2:      layout_basic, basic_altar, minmay_rat_gold_closets
D:3:      layout_rooms, mainiacjoe_overflow_cross_hatched,
          lightli_sewer_entry_pipes, shapermc_ecumenical_altar_flowoftime,
          serial_shops, nicolae_shop_stone, st_stairs_10

Skill      XL: |  1  2  3 |
---------------+----------+-----
Axes           | 2 3 |  3.9
Dodging        | 1 |  1.0
Fighting       | |  3.2
Armour         | |  3.2
Shields        | |  3.2

Action                   |  1- 3 |  4- 6 || total
-------------------------+-------+-------++-------
Melee: War axe           |   103 |     7 ||   110
  Use: Scroll            |     1 |       ||     1
       Potion            |     1 |       ||     1
Armor: Scale mail        |    44 |     9 ||    53
Dodge: Dodged            |    39 |     8 ||    47
Block: Buckler           |    21 |     7 ||    28

Table legend:
 A = Non-vault XP
 B = Vault XP
 C = Vault XP percentage of total XP
 D = Non-vault monster count
 E = Vault monster count
 F = Vault count percentage of total count
                 A         B        C        D         E       F
            +---------+---------+-------+---------+---------+-------
      Total |     114 |       8 |   6.6 |      35 |       8 |  18.6
            +---------+---------+-------+---------+---------+-------
        D:1 |      18 |       0 |   0.0 |      12 |       0 |   0.0
        D:2 |      48 |       8 |  14.3 |      16 |       8 |  33.3
        D:3 |      48 |       0 |   0.0 |       7 |       0 |   0.0
            +---------+---------+-------+---------+---------+-------
